 Dungeon Crawl Stone Soup version 0.29.0-4-gdea44cf6ec (webtiles) character file.

Game seed: 5391189136583913421

4522 qw the Cleaver (level 10, -3/60 HPs)
             Began as a Tengu Warper on Aug 28, 2022.
             Was an Elder of Okawaru.
             Killed by divine providence
             ... invoked by an orc priest
              (14 damage)
             ... on level 9 of the Dungeon.
             The game lasted 00:00:59 (6955 turns).

qw the Cleaver (Tengu Warper)                       Turns: 6955, Time: 00:00:59

Health: -3/60      AC: 15    Str: 25    XL:     10   Next: 39%
Magic:  14/14      EV: 29    Int: 15    God:    Okawaru [****..]
Gold:   160        SH:  0    Dex: 13    Spells: 13/13 levels left

rFire   + . .      SeeInvis .   n - +4 war axe
rCold   . . .      Faith    .   (no shield)
rNeg    . . .      Spirit   .   p - +3 chain mail {rF+}
rPois   .          Reflect  .   (helmet restricted)
rElec   .          Harm     .   i - +0 cloak
rCorr   .          Rampage  .   (no gloves)
Will    .....                   (boots unavailable)
Stlth   ..........              b - amulet "Isoteapp" {Acrobat Drain +Blink Regen+ Str+4}
HPRegen 1.00/turn               r - +6 ring of strength
MPRegen 0.14/turn               (no ring)

@: heroic, acrobatic, flying quickly and evasively, quick
A: beak, talons 3, nimble flight
a: Renounce Religion, Evoke Blink, Heroism, Finesse


You were on level 9 of the Dungeon.
You worshipped Okawaru.
Okawaru was greatly pleased with you.
You visited 2 branches of the dungeon, and saw 10 of its levels.

You collected 451 gold pieces.
You spent 291 gold pieces at shops.


Innate Abilities, Weirdness & Mutations

You have a beak for a mouth.
You have claws for feet.
Your magical nature lets you fly swiftly and evasively.


   Skills:
 - Level 6.1(11.1) Fighting
 + Level 12.9(17.9) Axes
 - Level 1.0(6.0) Throwing
 - Level 4.1(9.1) Armour
 - Level 4.0(9.0) Dodging
 - Level 2.0 Spellcasting
 - Level 2.4 Translocations
 + Level 4.4 Invocations


You had 13 spell levels left.
You didn't know any spells.
Your spell library contained the following spells:

 Spells                   Type           Power      Damage    Failure   Level
 Blink                    Tloc           16%        N/A       54%         2
 Gell's Gravitas          Tloc           8%         N/A       78%         3
 Lesser Beckoning         Tloc           8%         N/A       78%         3
 Teleport Other           Tloc           8%         N/A       78%         3
 Manifold Assault         Tloc           8%         N/A       100%        5

Inventory:

Hand Weapons
 n - a +4 war axe (weapon)
 s - the +6 shillelagh "Devastator" {shatter}
   (You found it on level 5 of the Dungeon)

   It releases a powerful concussive burst when it strikes, dealing extra damage
   to the target and all other foes adjacent to them.
Missiles
 e - 2 boomerangs (quivered)
Armour
 i - a +0 cloak (worn)
 p - a +3 chain mail of fire resistance (worn)
Jewellery
 b - the amulet "Isoteapp" (around neck) {Acrobat Drain +Blink Regen+ Str+4}
   (You found it on level 2 of the Dungeon)

   [amulet of the acrobat]

   It increases your evasion while moving and waiting.
   Str:       It affects your strength (+4).
   +Blink:    It lets you blink.
   Regen:     It increases your rate of health regeneration.
   Drain:     It drains your maximum health when unequipped.
 m - a ring of ice
 r - a +6 ring of strength (left hand)
Scrolls
 a - a scroll of identify
Potions
 c - a potion of curing
 f - a potion of cancellation
 g - 2 potions of haste
 h - a potion of mutation {unknown}
 j - a potion of degeneration {unknown}
 l - a potion of might {unknown}

Dungeon Overview and Level Annotations

Branches:
Dungeon (10/15)            Temple (1/1) D:4
   Lair: D:8-11         Orc: D:9-12

Altars:
Ashenzari
Cheibriados
Dithmenos
Elyvilon
Gozag
Hepliaklqana
Kikubaaqudgha
Makhleb
Nemelex Xobeh
Okawaru
Qazlal
Ru
Sif Muna
Trog
Uskayaw
Vehumet
Wu Jian
Xom
Zin
The Shining One

Shops:
D:1 (   D:5 *   D:6 (

Annotations:
D:5 1 runed translucent door, Crazy Yiuf


Message History

Your surroundings suddenly seem different.
Found a potion of curing, 2 potions of lignification and 15 gold pieces.
You start resting.
Your attacks no longer feel as feeble.
There are monsters nearby!
Throw: 3 boomerangs
Press: ? - help, Q - select action Shift-Dir - straight line, f - yak You throw a boomerang.
The two-headed ogre shouts in stereo!
The boomerang hits the yak!
The yak is moderately wounded.
Throw: 3 boomerangs
Press: ? - help, Q - select action Shift-Dir - straight line, f/p - yak You throw a boomerang.
The boomerang hits the yak.
The yak is moderately wounded.
6951 ||| READING scroll of teleportation.
As you read the scroll of teleportation, it crumbles to dust.
You feel strangely unstable.
You slash the yak! You claw the yak, but do no damage.
Your peck misses the yak. You punch the yak.
The yak is almost dead.
The yak completely misses you.
You slice the yak!!
You kill the yak!
Okawaru accepts your kill.
Throw: 3 boomerangs
Press: ? - help, Q - select action Shift-Dir - straight line, f - two-headed ogre You throw a boomerang.
The boomerang hits the two-headed ogre!
The two-headed ogre is lightly wounded.
Your surroundings suddenly seem different.
An orc warrior, an orc and an orc wizard come into view.
The orc wizard is wielding a +0 dagger of flaming.
Found a granite ring and a scroll of enchant weapon.
The orc warrior shouts!
The orc shouts!
The orc wizard shouts!
You hear a shout!
An orc comes into view.
It is wielding a +1 trident of freezing.
An orc priest comes into view. It is wielding a +0 hand axe.
The orc priest shouts!
The orc shouts!
The orc priest calls down the wrath of Beogh upon you.
Beogh smites you!
You die...

.o......#
#.......#
#.o.o...#
#..oo...#
#.......#
#......?#
+.......#
#..=.@..#
#.......#
#########


You could see an orc warrior, an orc priest, an orc wizard and 2 orcs.

Vanquished Creatures
  Prince Ribbit (D:5)
  A wyvern (D:6)
  13 yaks
  2 steam dragons
  An acid dragon (D:10)
  Duvessa (D:7)
  An ice beast (D:6)
  2 ogres (D:4)
  A phantom (D:5)
  2 kobold brigands (D:5)
  3 scorpions
  9 wights
  Dowan (D:7)
  3 howler monkeys
  A hound (D:4)
  3 orc priests
  A gnoll bouda (D:6)
  3 orc wizards
  Ijyb (D:3)
  3 iguanas
  4 gnolls
  10 adders
  2 adder skeletons (D:2)
  3 adder zombies (D:2)
  A worm (D:4)
  3 dart slugs
  13 orcs
  11 endoplasms
  4 giant cockroaches
  7 hobgoblins
  3 jackals (D:1)
  14 kobolds
  4 quokkas
  5 ball pythons
  A ball python zombie (D:2)
  7 bats
  3 frilled lizards
  7 goblins
  A quokka skeleton (D:2)
  2 quokka zombies (D:2)
  7 rats
165 creatures vanquished.

Vanquished Creatures (others)
  A withered plant (D:2)
1 creature vanquished.

Grand Total: 166 creatures vanquished

Notes
Turn   | Place    | Note
-------+----------+-------------------------------------------
     0 | D:1      | qw the Tengu Warper began the quest for the Orb.
     0 | D:1      | Reached XP level 1. HP: 12/12 MP: 4/4
     0 | D:1      | 0 ||| qw: Version: 0.1-a-89-g26bdef1
     0 | D:1      | 0 ||| qw: Game counter: 2981
     0 | D:1      | 0 ||| qw: Always use a shield: true
     0 | D:1      | 0 ||| qw: God list: Okawaru
     0 | D:1      | 0 ||| qw: Allow faded altars: false
     0 | D:1      | 0 ||| qw: Do Orc after D:15 true
     0 | D:1      | 0 ||| qw: Do second Lair branch before Depths: true
     0 | D:1      | 0 ||| qw: Lair rune preference: random
     0 | D:1      | 0 ||| qw: Plans: Normal
     0 | D:1      | 0 ||| PLANNING D:1-11
   112 | D:1      | 112 ||| Stepping ~*~*~tactically~*~*~ (stealth).
   119 | D:1      | 119 ||| Stepping ~*~*~tactically~*~*~ (stealth).
   120 | D:1      | 120 ||| Stepping ~*~*~tactically~*~*~ (stealth).
   129 | D:1      | Reached XP level 2. HP: 11/17 MP: 6/6
   243 | D:1      | 243 ||| Stepping ~*~*~tactically~*~*~ (stealth).
   290 | D:1      | Reached skill level 3 in Axes
   443 | D:1      | 443 ||| Stepping ~*~*~tactically~*~*~ (hiding).
   665 | D:1      | Found Hemmep's Antique Weapon Emporium.
   673 | D:1      | 673 ||| SHOPLISTING glowing flail (188 gold, have 22).
   673 | D:1      | 673 ||| SHOPLISTING mace (87 gold, have 22).
   690 | D:1      | Reached XP level 3. HP: 20/21 MP: 7/7
   746 | D:1      | 746 ||| Stepping ~*~*~tactically~*~*~ (stealth).
   829 | D:1      | Found a faded altar of an unknown god.
  1031 | D:1      | 1031 ||| UPGRADING to +0 cloak.
  1036 | D:1      | 1036 ||| UPGRADING to +0 ring mail.
  1046 | D:1      | 1046 ||| DROPPING +0 leather armour.
  1047 | D:1      | 1047 ||| DROPPING +6 ring of intelligence.
  1048 | D:1      | 1048 ||| READING scroll labelled OCISKU SURIZODYU.
  1049 | D:1      | 1049 ||| READING scroll labelled BIXO HUGUI.
  1054 | D:1      | 1054 ||| DROPPING scroll of blinking.
  1068 | D:2      | 1068 ||| STAIRDANCE
  1106 | D:2      | Reached skill level 4 in Axes
  1165 | D:2      | 1165 ||| Stepping ~*~*~tactically~*~*~ (stealth).
  1200 | D:2      | Reached XP level 4. HP: 26/26 MP: 8/8
  1276 | D:2      | Identified the amulet "Isoteapp" {Acrobat Drain +Blink
                  | Regen+ Str+4}
  1528 | D:2      | Reached skill level 5 in Axes
  1751 | D:2      | 1751 ||| UPGRADING to amulet "Isoteapp" {Acrobat Drain
                  | +Blink Regen+ Str+4}.
  1756 | D:2      | 1756 ||| READING 3 scrolls labelled LEARAULYIG.
  1757 | D:2      | 1757 ||| READING 2 scrolls labelled DOTHIV SOAQA.
  1758 | D:2      | 1758 ||| DRINKING 2 silvery potions.
  1759 | D:2      | 1759 ||| DRINKING 2 brown potions.
  1760 | D:2      | 1760 ||| READING 2 scrolls of identify.
  1760 | D:2      | 1760 ||| IDENTIFYING metallic clear potion
  1761 | D:2      | 1761 ||| DROPPING scroll of immolation.
  1762 | D:2      | 1762 ||| DROPPING potion of brilliance.
  1789 | D:3      | 1789 ||| DROPPING +0 club.
  1816 | D:3      | 1816 ||| Stepping ~*~*~tactically~*~*~ (stealth).
  1962 | D:3      | Found a sparkling altar of Nemelex Xobeh.
  2156 | D:3      | 2156 ||| DROPPING +0 whip.
  2272 | D:3      | Gained mutation: Your magical nature lets you fly swiftly
                  | and evasively. [Tengu growth]
  2272 | D:3      | Reached XP level 5. HP: 30/30 MP: 9/9
  2329 | D:3      | Noticed Ijyb
  2330 | D:3      | 2330 ||| Stepping ~*~*~tactically~*~*~ (hiding).
  2347 | D:3      | Killed Ijyb
  2371 | D:3      | Found a hazy altar of Hepliaklqana.
  2499 | D:3      | 2499 ||| UPGRADING to +0 leather armour of poison
                  | resistance.
  2509 | D:3      | 2509 ||| READING scroll labelled YSTRAU CABLUNER.
  2559 | D:4      | 2559 ||| FLEEEEING.
  2560 | D:4      | 2560 ||| STAIRDANCE
  2572 | D:4      | 2572 ||| Stepping ~*~*~tactically~*~*~ (stealth).
  2574 | D:4      | 2574 ||| FLEEEEING.
  2576 | D:4      | 2576 ||| FLEEEEING.
  2577 | D:4      | 2577 ||| STAIRDANCE
  2586 | D:4      | 2586 ||| STAIRDANCE
  2589 | D:4      | 2589 ||| STAIRDANCE
  2591 | D:3      | 2591 ||| DRINKING potion of curing.
  2591 | D:3      | 2591 ||| (to cure confusion)
  2594 | D:3      | Reached skill level 6 in Axes
  2598 | D:4      | 2598 ||| Stepping ~*~*~tactically~*~*~ (hiding).
  2599 | D:4      | 2599 ||| STAIRDANCE
  2640 | D:3      | 2640 ||| UPGRADING to +0 chain mail.
  2650 | D:3      | 2650 ||| DROPPING +0 ring mail.
  2651 | D:3      | 2651 ||| DROPPING +0 leather armour of poison resistance.
  2655 | D:4      | 2655 ||| Stepping ~*~*~tactically~*~*~ (hiding).
  2657 | D:4      | 2657 ||| Stepping ~*~*~tactically~*~*~ (hiding).
  2829 | D:4      | Reached XP level 6. HP: 31/35 MP: 10/10
  2878 | D:4      | 2878 ||| Stepping ~*~*~tactically~*~*~ (stealth).
  2970 | D:4      | Found an opulent altar of Gozag.
  2998 | D:4      | Found a staircase to the Ecumenical Temple.
  2999 | D:4      | 2999 ||| PLANNING TEMPLE
  2999 | D:4      | 2999 ||| DRINKING 2 glowing black potions.
  3004 | Temple   | Entered the Ecumenical Temple
  3019 | Temple   | Became a worshipper of Warmaster Okawaru
  3190 | Temple   | 3190 ||| PLANNING D:1-11
  3250 | D:4      | Found a burning altar of Makhleb.
  3278 | D:4      | 3278 ||| Stepping ~*~*~tactically~*~*~ (stealth).
  3297 | D:4      | 3297 ||| Stepping ~*~*~tactically~*~*~ (stealth).
  3307 | D:4      | Reached skill level 7 in Axes
  3309 | D:4      | 3309 ||| FLEEEEING.
  3310 | D:4      | 3310 ||| FLEEEEING.
  3311 | D:4      | 3311 ||| FLEEEEING.
  3312 | D:4      | 3312 ||| FLEEEEING.
  3313 | D:4      | 3313 ||| FLEEEEING.
  3314 | D:4      | 3314 ||| FLEEEEING.
  3315 | D:4      | 3315 ||| FLEEEEING.
  3316 | D:4      | 3316 ||| FLEEEEING.
  3317 | D:4      | 3317 ||| FLEEEEING.
  3318 | D:4      | 3318 ||| FLEEEEING.
  3319 | D:4      | 3319 ||| FLEEEEING.
  3320 | D:4      | 3320 ||| FLEEEEING.
  3321 | D:4      | 3321 ||| FLEEEEING.
  3322 | D:4      | 3322 ||| FLEEEEING.
  3323 | D:4      | 3323 ||| FLEEEEING.
  3324 | D:4      | 3324 ||| FLEEEEING.
  3325 | D:4      | 3325 ||| FLEEEEING.
  3326 | D:4      | 3326 ||| FLEEEEING.
  3327 | D:4      | 3327 ||| FLEEEEING.
  3328 | D:4      | 3328 ||| FLEEEEING.
  3329 | D:4      | 3329 ||| FLEEEEING.
  3330 | D:4      | 3330 ||| FLEEEEING.
  3331 | D:4      | 3331 ||| FLEEEEING.
  3367 | D:4      | 3367 ||| Stepping ~*~*~tactically~*~*~ (stealth).
  3376 | D:4      | Reached XP level 7. HP: 40/40 MP: 11/11
  3383 | D:4      | Reached skill level 3 in Fighting
  3445 | D:4      | 3445 ||| Stepping ~*~*~tactically~*~*~ (stealth).
  3737 | D:4      | Reached * piety under Okawaru
  3738 | D:4      | Reached skill level 8 in Axes
  3871 | D:4      | 3871 ||| READING scroll labelled TUEPLE UBEIL.
  3999 | D:5      | Entered Level 5 of the Dungeon
  4018 | D:5      | Found a hide-covered altar of Uskayaw.
  4037 | D:5      | Reached skill level 3 in Armour
  4037 | D:5      | Reached skill level 1 in Invocations
  4163 | D:5      | Noticed a steam dragon
  4164 | D:5      | 4164 ||| Stepping ~*~*~tactically~*~*~ (hiding).
  4167 | D:5      | 4167 ||| INVOKING Heroism.
  4182 | D:5      | 4182 ||| INVOKING Heroism.
  4183 | D:5      | Killed a steam dragon
  4184 | D:5      | Reached XP level 8. HP: 23/46 MP: 8/12
  4184 | D:5      | 4184 ||| Stepping ~*~*~tactically~*~*~ (cloud).
  4225 | D:5      | Noticed Prince Ribbit
  4226 | D:5      | 4226 ||| INVOKING Heroism.
  4236 | D:5      | Killed Prince Ribbit
  4237 | D:5      | Reached skill level 9 in Axes
  4237 | D:5      | Reached skill level 3 in Invocations
  4336 | D:5      | 4336 ||| Stepping ~*~*~tactically~*~*~ (hiding).
  4338 | D:5      | 4338 ||| Stepping ~*~*~tactically~*~*~ (hiding).
  4364 | D:5      | 4364 ||| INVOKING Heroism.
  4506 | D:5      | 4506 ||| READING 2 scrolls of identify.
  4506 | D:5      | 4506 ||| IDENTIFYING emerald potion
  4507 | D:5      | 4507 ||| Stepping randomly (stuck).
  4509 | D:5      | 4509 ||| Stepping randomly (stuck).
  4514 | D:5      | 4514 ||| Stepping randomly (stuck).
  4515 | D:5      | 4515 ||| Stepping randomly (stuck).
  4517 | D:5      | 4517 ||| Stepping randomly (stuck).
  4518 | D:5      | 4518 ||| Stepping randomly (stuck).
  4519 | D:5      | 4519 ||| Stepping randomly (stuck).
  4555 | D:5      | 4555 ||| Stepping ~*~*~tactically~*~*~ (stealth).
  4849 | D:5      | Found Pyoricez's Fire Supplies.
  4863 | D:5      | 4863 ||| BUYING +3 chain mail of fire resistance (291
                  | gold).
  4863 | D:5      | Bought a +3 chain mail of fire resistance for 291 gold
                  | pieces
  4863 | D:5      | 4863 ||| SHOPLISTING ring of protection from fire (275
                  | gold, have 60).
  5016 | D:5      | Found the +6 shillelagh "Devastator" {shatter}
  5027 | D:5      | 5027 ||| DROPPING +0 flail.
  5028 | D:5      | Found a runed translucent door.
  5029 | D:5      | Noticed Crazy Yiuf
  5032 | D:5      | 5032 ||| DROPPING +1 hammer of draining.
  5096 | D:5      | 5096 ||| Stepping ~*~*~tactically~*~*~ (stealth).
  5131 | D:5      | 5131 ||| READING scroll of enchant weapon.
  5131 | D:5      | 5131 ||| ENCHANTING +1 hand axe.
  5219 | D:5      | 5219 ||| Stepping ~*~*~tactically~*~*~ (stealth).
  5240 | D:5      | Reached ** piety under Okawaru
  5286 | D:5      | 5286 ||| Stepping ~*~*~tactically~*~*~ (stealth).
  5496 | D:5      | 5496 ||| UPGRADING to +3 chain mail of fire resistance.
  5506 | D:5      | 5506 ||| DROPPING +0 chain mail.
  5507 | D:5      | 5507 ||| UPGRADING to +6 ring of strength.
  5508 | D:5      | 5508 ||| READING scroll labelled SUGHUO GAXKA.
  5509 | D:5      | 5509 ||| READING scroll labelled NYNEDA WATROEL.
  5576 | D:6      | 5576 ||| STAIRDANCE
  5578 | D:5      | 5578 ||| INVOKING Heroism.
  5743 | D:6      | 5743 ||| INVOKING Heroism.
  5745 | D:6      | Reached skill level 3 in Dodging
  5838 | D:6      | Found Kala Losix's Antique Weapon Shop.
  5843 | D:6      | 5843 ||| SHOPLISTING broad axe (128 gold, have 85).
  5898 | D:6      | Found a bloodstained altar of Trog.
  5988 | D:6      | Noticed a yak
  5988 | D:6      | Noticed a yak
  5989 | D:6      | Noticed a yak
  5990 | D:6      | 5990 ||| Stepping ~*~*~tactically~*~*~ (stealth).
  5997 | D:6      | 5997 ||| INVOKING Heroism.
  6000 | D:6      | Killed a yak
  6001 | D:6      | Reached skill level 10 in Axes
  6001 | D:6      | Reached XP level 9. HP: 19/52 MP: 10/13
  6004 | D:6      | 6004 ||| Stepping ~*~*~tactically~*~*~ (hiding).
  6011 | D:6      | 6011 ||| FLEEEEING.
  6012 | D:6      | 6012 ||| FLEEEEING.
  6066 | D:6      | 6066 ||| INVOKING Heroism.
  6086 | D:6      | 6086 ||| Stepping ~*~*~tactically~*~*~ (stealth).
  6118 | D:6      | Reached skill level 11 in Axes
  6154 | D:6      | Reached *** piety under Okawaru
  6161 | D:6      | 6161 ||| INVOKING Heroism.
  6192 | D:6      | 6192 ||| INVOKING Heroism.
  6223 | D:6      | 6223 ||| SWAPPING to +4 war axe.
  6224 | D:6      | 6224 ||| DROPPING +2 hand axe.
  6592 | D:6      | 6592 ||| DRINKING 2 bubbling blue potions.
  6593 | D:6      | 6593 ||| DRINKING 3 blue potions.
  6624 | D:6      | 6624 ||| DROPPING potion of invisibility.
  6625 | D:6      | 6625 ||| DROPPING 2 potions of lignification.
  6742 | D:7      | Noticed Duvessa
  6742 | D:7      | Noticed Dowan
  6743 | D:7      | 6743 ||| Stepping ~*~*~tactically~*~*~ (hiding).
  6746 | D:7      | 6746 ||| INVOKING Heroism.
  6752 | D:7      | Killed Duvessa
  6753 | D:7      | Killed Dowan
  6800 | D:7      | 6800 ||| INVOKING Heroism.
  6882 | D:7      | You are sucked into a shaft and drop 3 floors!
  6882 | D:10     | Entered Level 10 of the Dungeon
  6884 | D:10     | 6884 ||| DROPPING amulet of faith.
  6889 | D:10     | 6889 ||| Stepping ~*~*~tactically~*~*~ (hiding).
  6901 | D:10     | 6901 ||| FLEEEEING.
  6902 | D:10     | 6902 ||| FLEEEEING.
  6903 | D:10     | 6903 ||| FLEEEEING.
  6904 | D:10     | 6904 ||| FLEEEEING.
  6905 | D:10     | 6905 ||| STAIRDANCE
  6907 | D:9      | 6907 ||| INVOKING Heroism.
  6918 | D:9      | Reached skill level 12 in Axes
  6920 | D:9      | Reached XP level 10. HP: 47/59 MP: 12/14
  6924 | D:9      | Reached skill level 6 in Fighting
  6929 | D:9      | Reached **** piety under Okawaru
  6932 | D:9      | HP: 13/60 [orc warrior/+0 halberd (13)]
  6933 | D:9      | 6933 ||| READING 3 scrolls of teleportation.
  6934 | D:9      | 6934 ||| DRINKING potion of heal wounds.
  6934 | D:9      | Noticed a two-headed ogre
  6940 | D:9      | 6940 ||| INVOKING Heroism.
  6941 | D:9      | HP: 15/60 [gnoll/+0 war axe[a gnoll bouda] (3)]
  6942 | D:9      | 6942 ||| READING 2 scrolls of teleportation.
  6942 | D:9      | HP: 6/60 [yak (4)]
  6943 | D:9      | HP: 1/60 [gnoll/+0 war axe[a gnoll bouda] (4)]
  6951 | D:9      | 6951 ||| READING scroll of teleportation.
  6955 | D:9      | Killed from afar by an orc priest

Levels and vault maps discovered:
D:1:      dpeg_arrival_tiny_d, layout_loops_ring, serial_shops,
          nicolae_shop_advertising_works [nicolae_subvault_shop_adworks],
          basic_ecumenical_altar
D:2:      layout_basic, serial_undead, serial_undead_a, serial_undead_f,
          serial_undead_e, serial_undead_b, serial_undead_c, serial_undead_a,
          serial_undead_b, serial_undead_c
D:3:      layout_basic, mainiacjoe_overflow_brackets,
          mainiacjoe_overflow_concentric_impassable,
          amcnicky_mini_rare_corridor_liquid, grunt_ministairs_6, uniq_ijyb
D:4:      minmay_opposing_rooms, layout_cave_pods, mainiacjoe_overflow_paths,
          grunt_gozag_breadcrumbs, temple_doors_e, st_stairs_12
D:5:      cheibrodos_thug_alley, layout_layer_cave,
          nicolae_uskayaw_murder_on_the_dancefloor, nicolae_shop_fire_sale
          [nicolae_sub_dead_trees], uniq_crazy_yiuf_cottage, uniq_prince_ribbit1
D:6:      layout_basic, lightli_temple_of_fire, serial_shops, shop
D:7:      layout_rooms, minmay_fractal_squares_diagonal_5, uniq_duvessa
D:9:      layout_basic
D:10:     wad_woods_stonehenge, layout_basic, fedhas_altar_1
Temple:   eino_narrow_crystal_temple

Skill      XL: |  1  2  3  4  5  6  7  8  9 10 |
---------------+-------------------------------+-----
Axes           | 3 4 5 6 7 8 10 12 | 12.9
Armour         | 2 3 4 |  4.1
Fighting       | 3 4 5 6 |  6.1
Invocations    | 2 4 |  4.4
Dodging        | 3 4 |  4.0
Throwing       | |  1.0
Spellcasting   | |  2.0
Translocations | |  2.4

Action                   |  1- 3 |  4- 6 |  7- 9 | 10-12 || total
-------------------------+-------+-------+-------+-------++-------
Melee: Hand axe          |    88 |   172 |   221 |       ||   481
       Kick              |    14 |    40 |    87 |     8 ||   149
       Peck              |    14 |    25 |    52 |     5 ||    96
       Punch             |       |       |     3 |     1 ||     4
       War axe           |       |       |    34 |    24 ||    58
Throw: Boomerang         |     7 |       |       |     3 ||    10
Invok: Heroism           |       |       |    13 |     1 ||    14
  Use: Scroll            |     2 |     4 |     5 |     3 ||    14
       Potion            |       |     4 |     2 |     1 ||     7
Armor: Leather armour    |    14 |    12 |       |       ||    26
       Ring mail         |    16 |    22 |       |       ||    38
       Chain mail        |       |    26 |    73 |    15 ||   114
Dodge: Dodged            |    48 |    78 |    89 |    21 ||   236

Table legend:
 A = Non-vault XP
 B = Vault XP
 C = Vault XP percentage of total XP
 D = Non-vault monster count
 E = Vault monster count
 F = Vault count percentage of total count
                 A         B        C        D         E       F
            +---------+---------+-------+---------+---------+-------
      Total |    5454 |    1007 |  15.6 |     130 |      35 |  21.2
            +---------+---------+-------+---------+---------+-------
        D:1 |      44 |       0 |   0.0 |      25 |       0 |   0.0
        D:2 |      44 |      30 |  40.5 |      13 |       9 |  40.9
        D:3 |     105 |      39 |  27.1 |      19 |       3 |  13.6
        D:4 |     510 |     239 |  31.9 |      23 |      11 |  32.4
        D:5 |     551 |     490 |  47.1 |       8 |      10 |  55.6
        D:6 |    1898 |       0 |   0.0 |      21 |       0 |   0.0
        D:7 |      50 |     209 |  80.7 |       6 |       2 |  25.0
        D:9 |    2105 |       0 |   0.0 |      14 |       0 |   0.0
       D:10 |     147 |       0 |   0.0 |       1 |       0 |   0.0
            +---------+---------+-------+---------+---------+-------
